 Dungeon Crawl Stone Soup version 0.29.0-4-gdea44cf6ec (webtiles) character file.

Game seed: 9588858140623515505

116 qw the Chopper (level 5, -1/41 HPs)
             Began as a Barachi Chaos Knight on Sept 4, 2022.
             Killed from afar by Sigmund (4 damage)
             ... with a puff of flame
             ... on level 3 of the Dungeon.
             The game lasted 00:01:01 (1996 turns).

qw the Chopper (Barachi Chaos Knight)               Turns: 1996, Time: 00:01:02

Health: -1/41      AC: 11    Str: 15    XL:     5   Next: 1%
Magic:  5/5        EV:  4    Int: 12    God:
Gold:   150        SH:  0    Dex: 12    Spells: 4/4 levels left

rFire   . . .      SeeInvis .   Y - +0 war axe
rCold   . . .      Faith    .   (no shield)
rNeg    . . .      Spirit   .   m - +0 plate armour
rPois   .          Reflect  .   (no helmet)
rElec   .          Harm     .   (no cloak)
rCorr   .          Rampage  .   (no gloves)
Will    .....                   (no boots)
Stlth   ..........              (no amulet)
HPRegen 0.13/turn               (no ring)
MPRegen 0.09/turn               (no ring)

@: slow
A: amphibious, slowness 1, strong legs 1, +LOS
a: Hop


You were on level 3 of the Dungeon.
You visited 1 branch of the dungeon, and saw 3 of its levels.

You collected 150 gold pieces.


Innate Abilities, Weirdness & Mutations

You are amphibious.
You cover ground slowly.
You can hop short distances.
You have an extended range of vision and can be seen from far away.


   Skills:
 - Level 3.6 Fighting
 - Level 6.0 Axes
 + Level 2.4 Armour
 - Level 1.1 Dodging


You had 4 spell levels left.
You didn't know any spells.
Your spell library was empty.

Inventory:

Hand Weapons
 a - a +0 flail
 Y - a +0 war axe (weapon)
Missiles
 h - 4 boomerangs (quivered)
Armour
 m - a +0 plate armour (worn)
Scrolls
 b - a scroll of enchant armour {unknown}
 d - a scroll of torment {unknown}
 g - a scroll of identify
Potions
 e - a potion of haste
 f - a potion of might {unknown}
 i - a potion of resistance {unknown}
 j - a potion of attraction {unknown}
 l - a potion of magic {unknown}
 n - a potion of degeneration {unknown}
 o - a potion of curing {unknown}
Miscellaneous
 c - a piece from Xom's chessboard (15/15)

Dungeon Overview and Level Annotations

Branches:
Dungeon (3/15)

Altars:
Dithmenos

Annotations:
D:3 Ijyb, Sigmund


Message History

Ijyb shouts!
Ijyb zaps a wand.
You can no longer detect the hexed Sigmund.
Something hits you but does no damage.
You bump into the rock wall.
You bump into the rock wall.
Something hits you but does no damage.
Ijyb screams, "You nasty!
Big nasty!"
You hear some strange, mumbled words.
A puff of flame appears from out of thin air!
The puff of flame misses you.
You feel less confused. Something hits you but does no damage.
You hit something. Something hits you but does no damage.
Ijyb zaps a wand.
You miss something. Something hits you.
You barely miss something. You barely miss something.
You hear some strange, mumbled words.
A magic dart appears from out of thin air!
The magic dart hits you but does no damage.
Something hits you but does no damage.
You barely miss something.
Ijyb zaps a wand.
You barely miss something.
You hear some strange, mumbled words.
A magic dart appears from out of thin air!
The magic dart hits you. Something hits you but does no damage.
You slash something! You barely miss something.
Something hits you but does no damage.
Ijyb zaps a wand.
You barely miss something.
You hear some strange, mumbled words.
Something tries to affect you, but you resist.
You closely miss something.
You hear some strange, mumbled words.
A puff of flame appears from out of thin air!
The puff of flame hits you.
You die...

### #.. ### #.#
#######.# #.# #.......#
#g# #.#####.# #{# #.#
#.## #@#######.# #...
#.........#######.
........................
###...#################.
#.## #. # .. #. #... #.
#...######## ##.
.##..........###..


You could see Ijyb.

Vanquished Creatures
  An orc priest (D:3)
  3 adders
  2 dart slugs
  4 orcs (D:3)
  5 ball pythons
  7 bats
  2 endoplasms (D:1)
  A giant cockroach (D:2)
  5 goblins (D:1)
  7 hobgoblins
  2 jackals (D:3)
  5 kobolds
  A quokka (D:2)
  A frilled lizard (D:1)
  5 rats
51 creatures vanquished.

Notes
Turn   | Place    | Note
-------+----------+-------------------------------------------
     0 | D:1      | qw the Barachi Chaos Knight began the quest for the Orb.
     0 | D:1      | Reached XP level 1. HP: 18/18 MP: 1/1
     0 | D:1      | 0 ||| qw: Version: 0.1-a-103-gd6f5d3a
     0 | D:1      | 0 ||| qw: Game counter: 5692
     0 | D:1      | 0 ||| qw: Always use a shield: true
     0 | D:1      | 0 ||| qw: God list: Okawaru
     0 | D:1      | 0 ||| qw: Allow faded altars: false
     0 | D:1      | 0 ||| qw: Do Orc after D:15 true
     0 | D:1      | 0 ||| qw: Do second Lair branch before Depths: true
     0 | D:1      | 0 ||| qw: Lair rune preference: random
     0 | D:1      | 0 ||| qw: Plans: Normal
     0 | D:1      | 0 ||| PLANNING D:1-11
     0 | D:1      | Fell from the grace of Xom
   145 | D:1      | Reached XP level 2. HP: 24/24 MP: 2/2
   151 | D:1      | 151 ||| Stepping ~*~*~tactically~*~*~ (stealth).
   160 | D:1      | Reached skill level 4 in Axes
   164 | D:1      | 164 ||| Stepping ~*~*~tactically~*~*~ (stealth).
   165 | D:1      | 165 ||| Stepping ~*~*~tactically~*~*~ (stealth).
   258 | D:1      | 258 ||| Stepping ~*~*~tactically~*~*~ (stealth).
   259 | D:1      | 259 ||| Stepping ~*~*~tactically~*~*~ (stealth).
   262 | D:1      | 262 ||| Stepping ~*~*~tactically~*~*~ (stealth).
   455 | D:1      | Reached XP level 3. HP: 29/29 MP: 3/3
   473 | D:1      | 473 ||| DROPPING +0 club.
   508 | D:1      | 508 ||| SWAPPING to +0 war axe.
   509 | D:1      | 509 ||| DROPPING +0 hand axe of chaos.
   547 | D:1      | 547 ||| Stepping ~*~*~tactically~*~*~ (stealth).
   548 | D:1      | 548 ||| Stepping ~*~*~tactically~*~*~ (stealth).
   580 | D:1      | 580 ||| Stepping ~*~*~tactically~*~*~ (stealth).
   581 | D:1      | 581 ||| Stepping ~*~*~tactically~*~*~ (stealth).
   582 | D:1      | 582 ||| Stepping ~*~*~tactically~*~*~ (stealth).
   601 | D:1      | 601 ||| UPGRADING to +0 chain mail.
   611 | D:1      | 611 ||| DROPPING +2 leather armour.
   612 | D:1      | 612 ||| UPGRADING to +0 plate armour.
   622 | D:1      | 622 ||| DROPPING +0 chain mail.
   623 | D:1      | 623 ||| DROPPING amulet of faith.
   624 | D:1      | 624 ||| READING 2 scrolls labelled YGHUNO GIFUUN.
   625 | D:1      | 625 ||| READING 2 scrolls labelled CECASTR TECSO.
   626 | D:1      | 626 ||| READING scroll labelled EKLUNN DIXTA.
   627 | D:1      | 627 ||| DROPPING scroll of poison.
   628 | D:1      | 628 ||| Stepping randomly (stuck).
   629 | D:1      | 629 ||| Stepping ~*~*~tactically~*~*~ (cloud).
   873 | D:2      | 873 ||| STAIRDANCE
   966 | D:2      | 966 ||| Stepping ~*~*~tactically~*~*~ (hiding).
  1145 | D:2      | 1145 ||| Stepping ~*~*~tactically~*~*~ (stealth).
  1146 | D:2      | 1146 ||| Stepping ~*~*~tactically~*~*~ (stealth).
  1157 | D:2      | Found a shadowy altar of Dithmenos.
  1157 | D:2      | XOM: 9-stop teleportation journey
  1234 | D:2      | Reached skill level 5 in Axes
  1575 | D:2      | 1575 ||| READING scroll labelled XEERUE TIUL.
  1580 | D:2      | 1580 ||| READING scroll labelled USSOB GUAFOOCH.
  1581 | D:2      | 1581 ||| READING scroll labelled OMOZAA ZODEPN.
  1582 | D:2      | 1582 ||| READING scroll labelled UWOAZOMMATWO.
  1583 | D:2      | 1583 ||| READING 3 scrolls of identify.
  1583 | D:2      | 1583 ||| IDENTIFYING puce potion
  1584 | D:2      | 1584 ||| READING 2 scrolls of identify.
  1584 | D:2      | 1584 ||| IDENTIFYING viscous black potion
  1585 | D:2      | 1585 ||| DROPPING potion of invisibility.
  1633 | D:3      | Reached XP level 4. HP: 35/36 MP: 4/4
  1642 | D:3      | 1642 ||| Stepping ~*~*~tactically~*~*~ (stealth).
  1840 | D:3      | HP: 9/36 [poisoned by an adder]
  1841 | D:3      | 1841 ||| DRINKING potion of heal wounds.
  1843 | D:3      | Reached skill level 6 in Axes
  1848 | D:3      | Reached XP level 5. HP: 30/41 MP: 5/5
  1872 | D:3      | 1872 ||| Stepping ~*~*~tactically~*~*~ (stealth).
  1928 | D:3      | 1928 ||| DROPPING +0 mace.
  1973 | D:3      | Noticed Sigmund
  1981 | D:3      | HP: 9/41 [something (9)]
  1981 | D:3      | Noticed Ijyb
  1988 | D:3      | HP: 8/41 [something (1)]
  1992 | D:3      | HP: 3/41 [something/magic dart (5)]
  1996 | D:3      | Killed from afar by Sigmund

Levels and vault maps discovered:
D:1:      wander_arrival_estate, layout_rooms, supply_closet_lemuel,
          wad_floor_pattern_2, minmay_bisected
D:2:      layout_loops_ring, basic_altar, columned_hall_lemuel
D:3:      layout_basic, shapermc_ecumenical_altar_gd, uniq_ijyb, uniq_sigmund

Skill      XL: |  1  2  3  4 |
---------------+-------------+-----
Axes           | 4 5 6 |  6.0
Fighting       | |  3.6
Armour         | |  2.4
Dodging        | |  1.1

Action                   |  1- 3 |  4- 6 || total
-------------------------+-------+-------++-------
Melee: Hand axe          |    43 |       ||    43
       War axe           |    40 |    56 ||    96
       Punch             |     1 |     1 ||     2
Throw: Boomerang         |    40 |    10 ||    50
Invok: Renounce Religion |     1 |       ||     1
  Use: Scroll            |     9 |       ||     9
       Potion            |       |     1 ||     1
Armor: Leather armour    |    17 |       ||    17
       Plate armour      |    37 |    58 ||    95
Dodge: Dodged            |    38 |    14 ||    52

Table legend:
 A = Non-vault XP
 B = Vault XP
 C = Vault XP percentage of total XP
 D = Non-vault monster count
 E = Vault monster count
 F = Vault count percentage of total count
                 A         B        C        D         E       F
            +---------+---------+-------+---------+---------+-------
      Total |     162 |       5 |   3.0 |      48 |       3 |   5.9
            +---------+---------+-------+---------+---------+-------
        D:1 |      36 |       5 |  12.2 |      21 |       3 |  12.5
        D:2 |      30 |       0 |   0.0 |      10 |       0 |   0.0
        D:3 |      96 |       0 |   0.0 |      17 |       0 |   0.0
            +---------+---------+-------+---------+---------+-------
